NYP
ROME BRAVES @ TRI-CITY DUST DEVILS
05/11/2048
 
TOP OF THE 1ST
Rome Braves batting - Pitching for Tri-City Dust Devils : RHP Cal Abbott
Pitching: RHP Cal Abbott
Batting: RHB Rafael Reyes 0-0: Ball
1-0: Swinging Strike
1-1: Ball
2-1: Foul Ball, location: 2F
2-2: Ball
3-2: Foul Ball, location: 2F
3-2: Base on Balls
Batting: RHB Chris Trites 0-0: Called Strike
Rafael Reyes steals 2nd base
0-1: Called Strike
0-2: Ball
1-2: Ball
2-2: Strikes out swinging
Batting: LHB Ricardo Sandoval 0-0: Called Strike
Rafael Reyes steals 3rd base
0-1: Foul Ball, location: 2F
0-2: Ball
1-2: Fly out, F9 (Flyball, 9LD, EV 91.2 MPH)
Runner from 3rd tags up, SCORES, no throw by RF
Batting: LHB Tamaichi Sasada 0-0: Fly out, F9 (Line Drive, 9, EV 98.1 MPH)
Top of the 1st over - 1 run, 0 hits, 0 errors, 0 left on base; Rome 1 - Tri-City 0
BOTTOM OF THE 1ST
Tri-City Dust Devils batting - Pitching for Rome Braves : LHP Jake Warwick
Pitching: LHP Jake Warwick
Batting: LHB Ramon Vega 0-0: Foul Ball, location: 2F
0-1: Foul Ball, location: 2F
0-2: Foul Ball, location: 2F
0-2: Ball
1-2: Ball
2-2: Strikes out swinging
Batting: LHB Phil Lerner 0-0: Called Strike
0-1: Ball
1-1: Swinging Strike
1-2: Strikes out swinging
Batting: RHB Eric McMillian 0-0: Called Strike
0-1: Swinging Strike
0-2: Ball
1-2: Ball
2-2: Ball
3-2: Strikes out swinging
Bottom of the 1st over - 0 runs, 0 hits, 0 errors, 0 left on base; Rome 1 - Tri-City 0
TOP OF THE 2ND
Rome Braves batting - Pitching for Tri-City Dust Devils : RHP Cal Abbott
Batting: SHB Karl Starnes 0-0: Called Strike
0-1: Fly out, F8 (Flyball, 8LD, EV 101.9 MPH)
Batting: RHB Costantino Dolfini 0-0: Called Strike
0-1: Ball
1-1: Foul Ball, location: 2F
1-2: Foul Ball, location: 2F
1-2: Ball
2-2: Ground out 5-3 (Groundball, 56S, EV 60.6 MPH)
Batting: RHB Dave Pizarro 0-0: Called Strike
0-1: Ground out 3-1 (Groundball, 34, EV 106.2 MPH)
Top of the 2nd over - 0 runs, 0 hits, 0 errors, 0 left on base; Rome 1 - Tri-City 0
BOTTOM OF THE 2ND
Tri-City Dust Devils batting - Pitching for Rome Braves : LHP Jake Warwick
Batting: LHB Chad Cutler 0-0: Called Strike
0-1: Ball
1-1: Foul Ball, location: 2F
1-2: Strikes out swinging
Batting: RHB Hector Fernandez 0-0: Ball
1-0: Foul Ball, location: 2F
1-1: Called Strike
1-2: Ball
2-2: Strikes out swinging
Batting: SHB Isaiah Scates 0-0: Ball
1-0: Called Strike
1-1: Swinging Strike
1-2: Strikes out swinging
Bottom of the 2nd over - 0 runs, 0 hits, 0 errors, 0 left on base; Rome 1 - Tri-City 0
TOP OF THE 3RD
Rome Braves batting - Pitching for Tri-City Dust Devils : RHP Cal Abbott
Batting: RHB Tony Cabrera 0-0: Called Strike
0-1: Fly out, F8 (Line Drive, 8LM, EV 100.6 MPH)
Batting: RHB Mike Bergin 0-0: Called Strike
0-1: Swinging Strike
0-2: Ball
1-2: Strikes out looking
Batting: RHB Rafael Reyes 0-0: Ball
1-0: Ball
2-0: Ball
3-0: Hit by Pitch
Batting: RHB Chris Trites 0-0: Ball
Rafael Reyes steals 2nd base
1-0: Ball
2-0: Ball
3-0: Called Strike
3-1: Foul Ball, location: 2F
3-2: Foul Ball, location: 2F
3-2: Strikes out swinging
Top of the 3rd over - 0 runs, 0 hits, 0 errors, 1 left on base; Rome 1 - Tri-City 0
BOTTOM OF THE 3RD
Tri-City Dust Devils batting - Pitching for Rome Braves : LHP Jake Warwick
Batting: RHB Phil McFadden 0-0: Ball
1-0: Foul Ball, location: 2F
1-1: Swinging Strike
1-2: Strikes out swinging
Batting: RHB Max Stillo 0-0: Foul Ball, location: 2F
0-1: Called Strike
0-2: Foul Ball, location: 2F
0-2: Ball
1-2: Foul Ball, location: 2F
1-2: Strikes out looking
Batting: RHB Oren Jones 0-0: Ball
1-0: Ball
2-0: Ground out 5-3 (Groundball, 56, EV 100.0 MPH)
Bottom of the 3rd over - 0 runs, 0 hits, 0 errors, 0 left on base; Rome 1 - Tri-City 0
TOP OF THE 4TH
Rome Braves batting - Pitching for Tri-City Dust Devils : RHP Cal Abbott
Batting: LHB Ricardo Sandoval 0-0: Called Strike
0-1: Fly out, F7 (Flyball, 7LD, EV 100.6 MPH)
Batting: LHB Tamaichi Sasada 0-0: Called Strike
0-1: Foul Ball, location: 2F
0-2: SOLO HOME RUN (Flyball, 78XD, EV 97.5 MPH), Distance : 395 ft
Batting: SHB Karl Starnes 0-0: Ball
1-0: Ball
2-0: Fly out, F9 (Flyball, 89M, EV 88.1 MPH)
Batting: RHB Costantino Dolfini 0-0: Ball
1-0: Foul Ball, location: 2F
1-1: Ball
2-1: Foul Ball, location: 2F
2-2: Ground out 6-3 (Groundball, 6, EV 83.8 MPH)
Top of the 4th over - 1 run, 1 hit, 0 errors, 0 left on base; Rome 2 - Tri-City 0
BOTTOM OF THE 4TH
Tri-City Dust Devils batting - Pitching for Rome Braves : LHP Jake Warwick
Batting: LHB Ramon Vega 0-0: Called Strike
0-1: Foul Ball, location: 2F
0-2: Ball
1-2: Ball
2-2: Fly out, F9 (Line Drive, 9, EV 88.8 MPH)
Batting: LHB Phil Lerner 0-0: SINGLE (Groundball, 6S, EV 75.0 MPH) (infield hit)
Batting: RHB Eric McMillian 0-0: Called Strike
0-1: Ball
1-1: DOUBLE (Groundball, 5L, EV 105.0 MPH)
Phil Lerner to third
Batting: LHB Chad Cutler 0-0: Called Strike
0-1: Ball
1-1: SINGLE (Groundball, 34D, EV 95.6 MPH)
Phil Lerner scores
Eric McMillian to third
Batting: RHB Hector Fernandez 0-0: Called Strike
Chad Cutler is caught stealing 2nd base 2-4
0-1: Swinging Strike
0-2: Hit by Pitch
Batting: SHB Isaiah Scates 0-0: Ball
1-0: Ball
2-0: Foul Ball, location: 2F
2-1: Ground out 4-3 (Groundball, 34, EV 111.9 MPH)
Bottom of the 4th over - 1 run, 3 hits, 0 errors, 2 left on base; Rome 2 - Tri-City 1
TOP OF THE 5TH
Rome Braves batting - Pitching for Tri-City Dust Devils : RHP Cal Abbott
Batting: RHB Dave Pizarro 0-0: Ball
1-0: Foul Ball, location: 2F
1-1: Foul Ball, location: 2F
1-2: Ground out 6-3 (Groundball, 6, EV 77.5 MPH)
Batting: RHB Tony Cabrera 0-0: Called Strike
0-1: Swinging Strike
0-2: Strikes out swinging
Batting: RHB Mike Bergin 0-0: Called Strike
0-1: Fly out, F9 (Flyball, 9LM, EV 93.8 MPH)
Top of the 5th over - 0 runs, 0 hits, 0 errors, 0 left on base; Rome 2 - Tri-City 1
BOTTOM OF THE 5TH
Tri-City Dust Devils batting - Pitching for Rome Braves : LHP Jake Warwick
Batting: RHB Phil McFadden 0-0: Called Strike
0-1: Foul Ball, location: 2F
0-2: Strikes out swinging
Batting: RHB Max Stillo 0-0: Called Strike
0-1: Ball
1-1: Ball
2-1: Foul Ball, location: 2F
2-2: Ball
3-2: Strikes out swinging
Batting: RHB Oren Jones 0-0: Ball
1-0: Foul Ball, location: 2F
1-1: Ball
2-1: Ground out 5-3 (Groundball, 56, EV 108.8 MPH)
Bottom of the 5th over - 0 runs, 0 hits, 0 errors, 0 left on base; Rome 2 - Tri-City 1
TOP OF THE 6TH
Rome Braves batting - Pitching for Tri-City Dust Devils : RHP Cal Abbott
Batting: RHB Rafael Reyes 0-0: Ball
1-0: Ground out 4-3 (Groundball, 34, EV 97.5 MPH)
Batting: RHB Chris Trites 0-0: Ball
1-0: SINGLE (Line Drive, 56D, EV 94.4 MPH)
Batting: LHB Ricardo Sandoval 0-0: Called Strike
Chris Trites steals 2nd base
0-1: Called Strike
0-2: Foul Ball, location: 2F
0-2: Strikes out swinging
Pitching: RHP Gilberto Ricalde
Batting: LHB Tamaichi Sasada 0-0: Ball
1-0: Ball
2-0: Foul Ball, location: 2F
2-1: Called Strike
2-2: Strikes out swinging
Top of the 6th over - 0 runs, 1 hit, 0 errors, 1 left on base; Rome 2 - Tri-City 1
BOTTOM OF THE 6TH
Tri-City Dust Devils batting - Pitching for Rome Braves : LHP Jake Warwick
Batting: LHB Ramon Vega 0-0: Called Strike
0-1: Ball
1-1: Hit by Pitch
Batting: LHB Phil Lerner 0-0: Called Strike
0-1: Ball
1-1: Ball
2-1: Called Strike
2-2: Ball
3-2: Strikes out swinging
Batting: RHB Eric McMillian 0-0: Foul Ball, location: 2F
0-1: Called Strike
0-2: Ball
1-2: Ball
2-2: Strikes out swinging
Pinch Hitting: RHB Mike MacLeod 0-0: Hit by Pitch
Ramon Vega to second
Batting: RHB Hector Fernandez 0-0: Ground out 6-3 (Groundball, 6MS, EV 90.6 MPH)
Bottom of the 6th over - 0 runs, 0 hits, 0 errors, 2 left on base; Rome 2 - Tri-City 1
TOP OF THE 7TH
Rome Braves batting - Pitching for Tri-City Dust Devils : RHP Gilberto Ricalde
Now in LF: Yutaro Takahashi
Batting: SHB Karl Starnes 0-0: Ball
1-0: Ball
2-0: Fly out, F7 (Flyball, 7D, EV 94.4 MPH)
Batting: RHB Costantino Dolfini 0-0: Ground out 4-3 (Groundball, 4, EV 86.9 MPH)
Batting: RHB Dave Pizarro 0-0: Ball
1-0: Swinging Strike
1-1: Foul Ball, location: 2F
1-2: Foul Ball, location: 2F
1-2: SINGLE (Groundball, 56, EV 90.6 MPH) (infield hit)
Batting: RHB Tony Cabrera 0-0: Ball
Dave Pizarro steals 2nd base
1-0: Foul Ball, location: 2F
1-1: Foul Ball, location: 2F
1-2: Ball
2-2: Strikes out looking
Top of the 7th over - 0 runs, 1 hit, 0 errors, 1 left on base; Rome 2 - Tri-City 1
BOTTOM OF THE 7TH
Tri-City Dust Devils batting - Pitching for Rome Braves : LHP Jake Warwick
Batting: SHB Isaiah Scates 0-0: SINGLE (Line Drive, 3D, EV 95.6 MPH)
Batting: RHB Phil McFadden 0-0: Called Strike
0-1: Ball
1-1: SINGLE (Flyball, 6MD, EV 91.2 MPH)
Isaiah Scates to second
Batting: RHB Max Stillo 0-0: Ball
1-0: Ball
2-0: Fielders Choice at 2nd, 3-6 (Groundball, 34S, EV 83.1 MPH)
Isaiah Scates to third
Batting: RHB Oren Jones 0-0: Ball
1-0: Foul Ball, location: 2F
1-1: Foul Ball, location: 2F
1-2: Foul Ball, location: 2F
1-2: Foul Ball, location: 2F
1-2: Ball
2-2: Foul Ball, location: 2F
2-2: Ball
3-2: Foul Ball, location: 2F
3-2: Base on Balls
Max Stillo to second
Pitching: RHP Bobby Feig
Batting: LHB Ramon Vega 0-0: Fly out, F8 (Line Drive, 8RS, EV 94.4 MPH)
Batting: LHB Phil Lerner 0-0: Fly out, F9 (Flyball, 9S, EV 90.6 MPH)
Bottom of the 7th over - 0 runs, 2 hits, 0 errors, 3 left on base; Rome 2 - Tri-City 1
TOP OF THE 8TH
Rome Braves batting - Pitching for Tri-City Dust Devils : RHP Gilberto Ricalde
Batting: RHB Mike Bergin 0-0: Swinging Strike
0-1: Called Strike
0-2: Foul Ball, location: 2F
0-2: Ball
1-2: Strikes out swinging
Batting: RHB Rafael Reyes 0-0: Foul Ball, location: 2F
0-1: Ball
1-1: Ground out 4-3 (Groundball, 4, EV 101.2 MPH)
Batting: RHB Chris Trites 0-0: Foul Ball, location: 2F
0-1: Foul Ball, location: 2F
0-2: Ball
1-2: Foul Ball, location: 2F
1-2: Foul Ball, location: 2F
1-2: Ball
2-2: Ball
3-2: Strikes out swinging
Top of the 8th over - 0 runs, 0 hits, 0 errors, 0 left on base; Rome 2 - Tri-City 1
BOTTOM OF THE 8TH
Tri-City Dust Devils batting - Pitching for Rome Braves : RHP Bobby Feig
Now in LF: Ricardo Sandoval
Now in CF: Yutaka Yamane
Batting: RHB Eric McMillian 0-0: Called Strike
0-1: Ball
1-1: Ball
2-1: Foul Ball, location: 2F
2-2: Ball
3-2: Base on Balls
Batting: SHB Yutaro Takahashi 0-0: Swinging Strike
0-1: Foul Ball, location: 2F
0-2: Ball
1-2: Ball
2-2: Strikes out swinging
Batting: RHB Hector Fernandez 0-0: Ball
1-0: Ball
Passed Ball!
Eric McMillian to second
2-0: Foul Ball, location: 2F
2-1: Ball
3-1: Base on Balls
Batting: SHB Isaiah Scates 0-0: Ball
1-0: Ball
2-0: Foul Ball, location: 2F
2-1: Called Strike
2-2: TRIPLE (Line Drive, 78XD, EV 103.8 MPH)
Eric McMillian scores
Hector Fernandez scores
Batting: RHB Phil McFadden 0-0: Intentional Walk
Batting: RHB Max Stillo 0-0: Called Strike
0-1: Called Strike
0-2: Ball
1-2: Strikes out swinging
Batting: RHB Oren Jones 0-0: Foul Ball, location: 2F
0-1: Ball
1-1: Ball
2-1: Fly out, F9 (Flyball, 9, EV 97.5 MPH)
Bottom of the 8th over - 2 runs, 1 hit, 0 errors, 2 left on base; Rome 2 - Tri-City 3
TOP OF THE 9TH
Rome Braves batting - Pitching for Tri-City Dust Devils : RHP Gilberto Ricalde
Pitching: RHP Josh Mott
Batting: LHB Ricardo Sandoval 0-0: Foul Ball, location: 2F
0-1: Ball
1-1: SINGLE (Groundball, 3S, EV 66.2 MPH) (infield hit)
Batting: LHB Tamaichi Sasada 0-0: Called Strike
0-1: Ground out 5-3 (Groundball, 56S, EV 84.4 MPH)
Ricardo Sandoval to second
Batting: SHB Karl Starnes 0-0: Called Strike
0-1: Ball
1-1: Ball
2-1: Ground out 4-3 (Groundball, 4, EV 103.8 MPH)
Ricardo Sandoval to third
Batting: RHB Costantino Dolfini 0-0: Ball
1-0: Ball
2-0: Foul Ball, location: 2F
2-1: Foul Ball, location: 2F
2-2: Ball
3-2: Strikes out swinging
Top of the 9th over - 0 runs, 1 hit, 0 errors, 1 left on base; Rome 2 - Tri-City 3
Tuesday, March 28th , 2023 - OOTP Baseball 23.10 Build 110